 Dungeon Crawl Stone Soup version 0.21.0-22-g11d5b52 (webtiles) character file.

386 rgaf the Changer (level 6, -2/38 HPs)
             Began as an Octopode Transmuter on Jan 19, 2018.
             Killed by divine providence
             ... invoked by an orc priest
              (11 damage)
             ... on level 3 of the Dungeon.
             The game lasted 00:04:26 (4173 turns).

rgaf the Changer (Octopode Transmuter)              Turns: 4173, Time: 00:04:26

Health: -2/38      AC:  2    Str: 10    XL:     6   Next: 78%
Magic:  6/9        EV: 19    Int: 17    God:
Gold:   95         SH:  0    Dex: 17    Spells: 3/9 levels left

rFire    . . .     SeeInvis .     - Unarmed
rCold    . . .     Gourm    .   (shield currently unavailable)
rNeg     . . .     Faith    .   (helmet currently unavailable)
rPois    x         Spirit   .   (no amulet)
rElec    .         Reflect  .   A - +2 ring of slaying
rCorr    .         Harm     .   (no ring)
MR       .....                  (no ring)
Stlth    ++........             (no ring)
HPRegen  0.12/turn              (no ring)
MPRegen  0.11/turn              (no ring)
                                (no ring)
                                (no ring)

@: spider-form
A: tiny, almost no armour, stealthy swim, (amphibious), 8 rings, (constrict 8)
a: End Transformation


You were on level 3 of the Dungeon.
You were not hungry.
You were a venomous arachnid creature.
You visited 1 branch of the dungeon, and saw 3 of its levels.

You collected 95 gold pieces.

Inventory:

Missiles
 a - 12 arrows
 k - 8 tomahawks (quivered)
Armour
 d - a +1 hat (melded)
Jewellery
 A - a +2 ring of slaying (left front leg)
Wands
 o - a wand of digging (1)
 u - a wand of scattershot (8)
 y - a wand of iceblast (8)
Scrolls
 e - a scroll of amnesia {unknown}
 f - 2 scrolls of teleportation {unknown}
 g - 4 scrolls of remove curse {unknown}
 h - a scroll of noise {unknown}
 j - 4 scrolls of identify {unknown}
 n - a scroll of enchant armour {unknown}
 p - a scroll of random uselessness {unknown}
 q - 2 scrolls of blinking {unknown}
 s - a scroll of immolation {unknown}
Potions
 i - a potion of berserk rage {unknown}
 l - a potion of mutation {unknown}
 m - a potion of invisibility {unknown}
 r - a potion of brilliance {unknown}
 t - a potion of curing {unknown}
 v - a potion of haste {unknown}
 x - a potion of cancellation {unknown}
 z - a potion of ambrosia {unknown}
Books
 b - a book of Changes

   Spells                             Type                      Level
   a - Beastly Appendage              Transmutation                1
   b - Sticks to Snakes               Transmutation                2
   c - Spider Form                    Transmutation/Poison         3
   d - Ice Form                       Ice/Transmutation            4
   e - Blade Hands                    Transmutation                5
Comestibles
 c - 8 rations
 w - 10 chunks of flesh


   Skills:
 - Level 1.0 Fighting
 - Level 2.0 Dodging
 - Level 3.0 Unarmed Combat
 - Level 2.0 Spellcasting
 + Level 7.0 Transmutations


You had 3 spell levels left.
You knew the following spells:

 Your Spells              Type           Power        Failure   Level  Hunger
a - Beastly Appendage     Tmut           ####..       5%          1    #......
b - Sticks to Snakes      Tmut           ####....     7%          2    ###....
c - Spider Form           Tmut/Pois      ##........   32%         3    ###....


Dungeon Overview and Level Annotations

Branches:
Dungeon (3/15)

Altars:
Fedhas
Hepliaklqana


Innate Abilities, Weirdness & Mutations

You cannot wear most types of armour.
You are very stealthy in the water. (Stealth+)
((You are amphibious.))
You can wear up to eight rings at the same time.
((You can use your tentacles to constrict eight enemies at once.))
((Your skin changes colour to match your surroundings (Stealth+).))
((Your rubbery body absorbs attacks. (AC +1, EV +1)))


Message History

The orc priest is moderately wounded.
The orc priest calls down the wrath of Beogh upon you.
Beogh smites you!
You are too injured to fight recklessly!
You are too injured to fight recklessly!
You are too injured to fight recklessly!
You barely miss the orc priest.
The orc priest is moderately wounded.
The orc priest barely misses you.
You hit the orc priest.
The orc priest looks as sick as possible!
The orc priest is heavily wounded.
The orc priest hits you.
* * * LOW HITPOINT WARNING * * *
You hit the orc priest.
The orc priest looks as sick as possible!
The orc priest is almost dead.
The orc priest invokes the aid of Beogh against you.
Beogh smites you!
You die... ########## #........# #.######.# #.# #.# #.# #s# #.# #o# ########.# #rK

#).......# ####
#.#####..########
#........##.....#
#.##.##.###.....#
#.##.##.# #.....#
#.......# #.....#


You could see an orc priest, a kobold (wandering) and a rat.

Vanquished Creatures
  An orc priest (D:3)
  2 orc wizards (D:3)
  Jessica (D:3)
  Ijyb (D:3)
  Terence (D:3)
  An iguana (D:3)
  Natasha (thrice) (D:2)
  2 gnolls
  2 adders
  2 oozes (D:1)
  3 worms
  2 dart slugs (D:1)
  A leopard gecko (D:1)
  7 orcs (D:3)
  4 bats
  3 giant cockroaches
  8 goblins
  9 hobgoblins
  A ball python (D:3)
  3 frilled lizards
  7 kobolds
  7 rats
71 creatures vanquished.

Notes
Turn   | Place    | Note
-------+----------+-------------------------------------------
     0 | D:1      | rgaf the Octopode Transmuter began the quest for the Orb.
     0 | D:1      | Reached XP level 1. HP: 13/13 MP: 3/3
   414 | D:1      | Reached XP level 2. HP: 18/18 MP: 5/5
   462 | D:1      | Reached skill level 3 in Transmutations
   879 | D:1      | Reached XP level 3. HP: 10/23 MP: 6/6
  1336 | D:2      | Found a blossoming altar of Fedhas.
  1343 | D:2      | Noticed Natasha
  1727 | D:2      | Killed Natasha
  1727 | D:2      | Reached skill level 4 in Transmutations
  1727 | D:2      | Reached XP level 4. HP: 7/28 MP: 5/7
  1739 | D:2      | Noticed Natasha
  2047 | D:1      | Learned a level 2 spell: Sticks to Snakes
  2051 | D:1      | Learned a level 3 spell: Spider Form
  2058 | D:2      | Killed Natasha
  2200 | D:2      | Noticed Natasha
  2209 | D:2      | Found a hazy altar of Hepliaklqana.
  2339 | D:2      | Killed Natasha
  2339 | D:2      | Reached skill level 5 in Transmutations
  2339 | D:2      | Reached XP level 5. HP: 27/33 MP: 5/8
  3408 | D:3      | Reached skill level 6 in Transmutations
  3499 | D:2      | Reached XP level 6. HP: 17/38 MP: 3/9
  3698 | D:3      | Noticed Jessica
  3712 | D:3      | Killed Jessica
  4043 | D:3      | Noticed Ijyb
  4078 | D:3      | Killed Ijyb
  4122 | D:3      | Noticed Terence
  4138 | D:3      | Killed Terence
  4161 | D:3      | Reached skill level 7 in Transmutations
  4173 | D:3      | Killed from afar by an orc priest

Skill      XL: |  1  2  3  4  5  6 |
---------------+-------------------+-----
Transmutations | 3 4 5 6 7 |  7.0
Fighting       | |  1.0
Dodging        | |  2.0
Unarmed Combat | |  3.0
Spellcasting   | |  2.0

Action                   |  1- 3 |  4- 6 || total
-------------------------+-------+-------++-------
Melee: Unarmed           |    72 |   143 ||   215
       Tentacles         |    14 |    14 ||    28
       Constrict         |    18 |    22 ||    40
       Kick              |     2 |       ||     2
       Punch             |       |     1 ||     1
 Cast: Beastly Appendage |     2 |       ||     2
       Spider Form       |       |    10 ||    10
 Stab: Sleeping          |     6 |     6 ||    12
  Eat: Chunk             |     2 |     6 ||     8
       Ration            |       |     1 ||     1
Armor: Skin              |     6 |     5 ||    11
Dodge: Dodged            |    33 |    75 ||   108
